 Dungeon Crawl Stone Soup version 0.26-a0-652-gafc20e3620 (webtiles) character file.

Game seed: 384425861218753745

767 smeego the Slasher (level 7, -24/72 HPs)
             Began as an Octopode Fighter on Oct 3, 2020.
             Annihilated by an ogre
             ... wielding a +0 giant spiked club
              (29 damage)
             ... on level 4 of the Dungeon.
             The game lasted 00:04:57 (3504 turns).

smeego the Slasher (Octopode Fighter)               Turns: 3504, Time: 00:04:58

Health: -24/72     AC: 23    Str: 15    XL:     7   Next: 82%
Magic:  7/7        EV:  2    Int: 13    God:
Gold:   175        SH:  9    Dex: 11    Spells: 6/6 levels left

rFire    . . .     SeeInvis .   a - +0 long sword
rCold    . . .     Faith    .   b - +0 kite shield
rNeg     + + +     Spirit   .   (helmet currently unavailable)
rPois    +         Reflect  .   k - amulet of regeneration
rElec    .         Harm     .   (no ring)
rCorr    .         Rampage  .   (no ring)
MR       .....     NoTele   +   (no ring)
Stlth    ++........             (no ring)
HPRegen  0.62/turn              (no ring)
MPRegen  0.10/turn              (no ring)
                                (no ring)
                                (no ring)

@: mighty, tree-form
A: almost no armour, stealthy swim, (amphibious), 8 rings, (constrict 8)
a: no special abilities


You were on level 4 of the Dungeon.
You were a tree.
You visited 1 branch of the dungeon, and saw 4 of its levels.

You collected 175 gold pieces.

Inventory:

Hand Weapons
 a - a +0 long sword (weapon)
Missiles
 f - 6 datura-tipped darts (quivered)
Armour
 b - a +0 kite shield (worn)
Jewellery
 k - an amulet of regeneration (around neck)
Scrolls
 d - a scroll of blinking
 g - 3 scrolls of fear
 h - a scroll of amnesia
 j - a scroll of remove curse
 l - a scroll of teleportation
 m - a scroll of magic mapping
 q - a scroll of identify
Potions
 i - a potion of curing {unknown}
 n - a potion of degeneration {unknown}
 o - a potion of haste {unknown}
 p - a potion of flight {unknown}
 r - a potion of mutation {unknown}


   Skills:
 + Level 4.1 Fighting
 * Level 4.7 Long Blades
 + Level 2.5 Throwing
 + Level 4.2 Dodging
 + Level 4.0 Stealth
 + Level 4.1 Shields
 + Level 2.4 Unarmed Combat


You had 6 spell levels left.
You didn't know any spells.
Your spell library was empty.

Dungeon Overview and Level Annotations

Branches:
Dungeon (4/15)
 Temple: D:4-7

Altars:
Ru
Xom


Innate Abilities, Weirdness & Mutations

You cannot wear most types of armour.
You are very stealthy in the water. (Stealth+)
((You are amphibious.))
You can wear up to eight rings at the same time.
((You can use your tentacles to constrict eight enemies at once.))
((Your skin changes colour to match your surroundings (Stealth+).))
((Your rubbery body absorbs attacks. (AC +1, EV +1)))


Message History

Unknown command.
Really quaff the potion of lignification?
You turn into a tree.
Your roots penetrate the ground.
The ogre hits you with a +0 giant spiked club!!
You feel very mighty all of a sudden.
The ogre hits you with a +0 giant spiked club!!
The ogre refuses to make way for you. (Use ctrl+direction or * direction to attack.)
The ogre refuses to make way for you. (Use ctrl+direction or * direction to attack.)
You hit the ogre.
The ogre is moderately wounded.
You block the ogre's attack.
You slash the ogre!
The ogre is heavily wounded.
You block the ogre's attack.
The ogre hits you with a +0 giant spiked club!!
* * * LOW HITPOINT WARNING * * *
You hit the ogre.
The ogre is severely wounded.
The ogre hits you with a +0 giant spiked club!!
You die...

*,,*,**,***,,,,,,,** **,,*
***,,,,,,,**,,,,,,,,,****,,,**
,,,,,,,,,,,+,,,,<,,,,+,,,,,,,*
,,,,,,,,**,*,,,,,,,,,****,,,,*
***,,*,,**,**,,,,,,,** **,,,*
* *,,**,**,***,,,,,** *,,,* *
*,,,,,**,* **,,,** **,** *
**,*,,**,* *#+#* *,*
****,*,,*#.* #♣# *,*
,,,,,,,,*#.#####O# *,*
****,,,,,........## *,*
***,**.......(.###### *,*
*,**..............# *,*
*,,,.........####.# *,*
****........#####.#***,*
*..(.....#..O...,,,,*
*..........#**,******


You could see a neutral ogre (fast, strong, insane).

Vanquished Creatures
  Grinder (D:3)
  5 killer bees (D:4)
  An orc priest (D:4)
  An orc wizard (D:4)
  Jessica (D:2)
  Natasha (thrice) (D:3)
  Terence (D:2)
  Robin (D:2)
  4 adders
  An ooze (D:3)
  An adder skeleton (D:4)
  A worm (D:2)
  3 dart slugs
  3 leopard geckos
  7 orcs
  3 giant cockroaches
  15 hobgoblins
  2 quokkas (D:3)
  A ball python (D:3)
  13 bats
  6 frilled lizards
  12 goblins
  8 kobolds
  6 rats
100 creatures vanquished.

Notes
Turn   | Place    | Note
-------+----------+-------------------------------------------
     0 | D:1      | smeego the Octopode Fighter began the quest for the Orb.
     0 | D:1      | Reached XP level 1. HP: 16/16 MP: 1/1
   180 | D:1      | Reached XP level 2. HP: 17/21 MP: 2/2
   262 | D:1      | Reached skill level 1 in Stealth
   534 | D:1      | Reached XP level 3. HP: 23/26 MP: 3/3
   816 | D:2      | Noticed Robin
  1409 | D:2      | Reached XP level 4. HP: 27/31 MP: 4/4
  1506 | D:2      | Reached skill level 1 in Throwing
  2006 | D:2      | Noticed Terence
  2014 | D:2      | Killed Terence
  2101 | D:2      | Killed Robin
  2101 | D:2      | Reached XP level 5. HP: 15/36 MP: 5/5
  2284 | D:2      | Noticed Jessica
  2297 | D:2      | Killed Jessica
  2297 | D:2      | Reached skill level 1 in Unarmed Combat
  2747 | D:3      | Noticed Natasha
  2751 | D:3      | Killed Natasha
  2930 | D:3      | Noticed Grinder
  2980 | D:3      | Paralysed by Grinder for 7 turns
  2991 | D:3      | Paralysed by Grinder for 6 turns
  3002 | D:3      | Paralysed by Grinder for 6 turns
  3019 | D:3      | Killed Grinder
  3019 | D:3      | Reached XP level 6. HP: 43/43 MP: 6/6
  3067 | D:3      | Found a shimmering altar of Xom.
  3073 | D:3      | Found a sacrificial altar of Ru.
  3215 | D:3      | Noticed Natasha
  3223 | D:3      | Killed Natasha
  3223 | D:3      | Reached XP level 7. HP: 43/47 MP: 7/7
  3296 | D:3      | Noticed Natasha
  3312 | D:3      | Killed Natasha
  3504 | D:4      | Annihilated by an ogre

Illustrated notes

Levels and vault maps discovered:
D:1:      lemuel_arrival_lava_pool, layout_loops_ring
D:2:      minmay_spotlight, layout_rooms, uniq_jessica, uniq_robin, uniq_terence
D:3:      layout_rooms, grunt_temple_overflow_open, serial_curves,
          eino_curves_04, eino_curves_02, uniq_grinder, uniq_natasha
D:4:      layout_loops_corners, bloody_makhleb, cheibrodos_sewer_entry_bend,
          serial_shops, shop, minmay_shop_mayhem

Skill      XL: |  1  2  3  4  5  6  7 |
---------------+----------------------+-----
Stealth        | 1 2 3 4 |  4.0
Throwing       | 1 2 |  2.5
Long Blades    | 3 4 |  4.7
Unarmed Combat | 1 2 |  2.4
Dodging        | 4 |  4.2
Shields        | 4 |  4.1
Fighting       | 4 |  4.1

Action                   |  1- 3 |  4- 6 |  7- 9 || total
-------------------------+-------+-------+-------++-------
Melee: Long sword        |    70 |    91 |    22 ||   183
       Constrict         |    21 |    21 |     5 ||    47
       Tentacles         |    12 |    15 |     5 ||    32
       Punch             |       |     2 |       ||     2
       Unarmed           |       |    25 |    20 ||    45
Throw: Dart              |       |       |     1 ||     1
  Use: Scroll            |     6 |     2 |     1 ||     9
       Potion            |       |     2 |     3 ||     5
 Stab: Sleeping          |     4 |     6 |     1 ||    11
Armor: Skin              |     9 |    95 |    20 ||   124
Dodge: Dodged            |    29 |    52 |     7 ||    88
Block: Kite shield       |    38 |    70 |    29 ||   137
       Rpst.: Long sword |     6 |    14 |     1 ||    21

Table legend: (Time is in decaauts)
 A = Elapsed time spent in this place.
 B = Non-inter-level travel time spent in this place.
 C = Inter-level travel time spent in this place.
 D = Time resting spent in this place.
 E = Time spent auto-exploring this place.
 F = Levels seen in this place.
 G = Mean time per level.
                   A        B        C        D        E       F      G
               +--------+--------+--------+--------+--------+-----+--------+
         Total |   3566 |   3536 |     30 |   1128 |   1622 |   4 |  891.5 |
       Dungeon |   3566 |   3536 |     30 |   1128 |   1622 |   4 |  891.5 |
               +--------+--------+--------+--------+--------+-----+--------+

Top non-repeatable levels by time:
     D:1: 1387 daAuts
     D:2: 1371 daAuts
     D:3: 688 daAuts
     D:4: 119 daAuts
